 Dungeon Crawl Stone Soup version 0.24-a0-769-g368c1644f8 (webtiles) character file.

Game seed: 17339683221440961902, levelgen mode: deterministic

247 Gynju the Magician (level 5, -1/28 HPs)
             Began as a Deep Elf Fire Elementalist on Oct 4, 2019.
             Slain by a gnoll (4 damage)
             ... on level 4 of the Dungeon.
             The game lasted 00:05:12 (4900 turns).

Gynju the Magician (Deep Elf Fire Elementalist)     Turns: 4900, Time: 00:05:13

Health: -1/28      AC:  6    Str:  5    XL:     5   Next: 85%
Magic:  8/14       EV: 14    Int: 21    God:
Gold:   163        SH:  0    Dex: 15    Spells: 12/13 levels left

rFire    . . .     SeeInvis .   o - +4 whip
rCold    . . .     Gourm    .   (no shield)
rNeg     . . .     Faith    +   a - +0 robe
rPois    .         Spirit   .   h - +0 hat
rElec    .         Reflect  .   (no cloak)
rCorr    +         Harm     .   (no gloves)
MR       .....                  (no boots)
Stlth    ++........             g - amulet of faith
HPRegen  0.09/turn              j - +4 ring of protection
MPRegen  0.14/turn              q - ring of resist corrosion

@: no status effects
A: no striking features
a: no special abilities


You were on level 4 of the Dungeon.
You were not hungry.

You visited 1 branch of the dungeon, and saw 4 of its levels.

You collected 163 gold pieces.

Inventory:

Hand Weapons
 o - a +4 whip (weapon)
Missiles
 d - 26 poisoned darts (quivered)
Armour
 a - a +0 robe (worn)
 h - a +0 hat (worn)
Jewellery
 g - an amulet of faith (around neck)
 j - a +4 ring of protection (left hand)
 q - a ring of resist corrosion (right hand)
Wands
 i - a wand of digging (5)
 p - a wand of paralysis (22)
 t - a wand of polymorph (6)
 v - a wand of flame (14)
Scrolls
 b - a scroll of noise {unknown}
 m - 2 scrolls of blinking {unknown}
 u - 2 scrolls of immolation {unknown}
Potions
 e - a potion of flight {unknown}
 f - 2 potions of mutation
 k - 3 potions of agility
 n - a potion of curing {unknown}
 r - a potion of degeneration {unknown}
 s - 2 potions of heal wounds
Comestibles
 c - 4 rations


   Skills:
 + Level 4.2 Dodging
 - Level 2.4 Stealth
 + Level 4.9 Spellcasting
 + Level 3.2 Conjurations
 + Level 4.6 Fire Magic


You had 12 spell levels left.
You knew the following spells:

 Your Spells              Type           Power        Failure   Level  Hunger
a - Flame Tongue          Conj/Fire      ###..        2%          1    None

Your spell library contained the following spells:

 Spells                   Type           Power        Failure   Level  Hunger
 Throw Flame              Conj/Fire      ###...       3%          2    None
 Conjure Flame            Conj/Fire      ###.....     7%          3    ##.....
 Inner Flame              Hex/Fire       ##......     13%         3    ##.....
 Sticky Flame             Conj/Fire      ###.....     22%         4    ####...
 Fireball                 Conj/Fire      ###.......   52%         5    #####..


Dungeon Overview and Level Annotations

Branches:
Dungeon (4/15)
 Temple: D:4-7

Altars:
Cheibriados
Okawaru
Ru
Yredelemnul
The Shining One


Message History

Casting: Flame Tongue (safe; 2% risk of failure)
Confirm with . or Enter, or press ? or * to list all spells.
Aiming: Flame Tongue (safe; 2% risk of failure)
Press: ? - help, Shift-Dir - straight line, f/p - hound
Aim: a hound (heavily wounded)
The flame tongue hits the hound but does no damage.
The hound is heavily wounded.
The hound barely misses you. The gnoll hits you!
The gnoll hits you with a +0 flail!
* * * LOW HITPOINT WARNING * * *
The hound closely misses you.
Casting: Flame Tongue (safe; 2% risk of failure)
Confirm with . or Enter, or press ? or * to list all spells.
Aiming: Flame Tongue (safe; 2% risk of failure)
Press: ? - help, Shift-Dir - straight line, f/p - hound
Aim: a hound (heavily wounded)
The flame tongue hits the hound!
You kill the hound!
The gnoll hits you.
You die...

#.#......#.#**,*#.###.#,*,*
#.###...##.# #.##.....#,*,*
#.# ##.....# #.#######...l***
..# #..##.###.# *,.,.*,*
..#####.#......#######..,,,,*
....# #.#..##...........,,*,*
.##.# #.................,,,,*
.##.# ##.#.###.#ggl.....,,,**
....# #.#......@.g#,,**,***
########...###...#.#,,,,,*
#.......#..# #####,#,*****
..#####..)># *,,,* ### #.####
***** #....#################
##########.##........(.....#
........##.##..............#
........'..##..............#


You could see 3 gnolls and a frilled lizard.

Vanquished Creatures
  A hound (D:4)
  An iguana (D:4)
  An orc wizard (D:3)
  A worker ant (D:3)
  4 adders
  2 oozes (D:1)
  3 worms (D:2)
  A dart slug (D:2)
  2 leopard geckos (D:1)
  5 orcs (D:3)
  3 ball pythons
  5 bats
  4 giant cockroaches
  9 goblins
  6 hobgoblins
  8 jackals
  11 kobolds
  2 quokkas (D:3)
  2 frilled lizards
  7 rats
78 creatures vanquished.

Vanquished Creatures (others)
  A goblin (D:2)
1 creature vanquished.

Grand Total: 79 creatures vanquished

Notes
Turn   | Place    | Note
-------+----------+-------------------------------------------
     0 | D:1      | Gynju the Deep Elf Fire Elementalist began the quest for
                  | the Orb.
     0 | D:1      | Reached XP level 1. HP: 10/10 MP: 6/6
   134 | D:1      | Reached XP level 2. HP: 15/15 MP: 6/8
  1015 | D:1      | Reached XP level 3. HP: 12/19 MP: 3/10
  1607 | D:2      | Found a glowing golden altar of the Shining One.
  1633 | D:2      | Found a basalt altar of Yredelemnul.
  1635 | D:2      | Noticed a profane servitor
  2057 | D:2      | Reached XP level 4. HP: 24/24 MP: 9/11
  2089 | D:2      | Found a sacrificial altar of Ru.
  2879 | D:2      | Noticed an angel
  3371 | D:2      | Reached XP level 5. HP: 15/28 MP: 7/13
  3739 | D:3      | Found a snail-covered altar of Cheibriados.
  4067 | D:3      | Found an iron altar of Okawaru.
  4247 | D:3      | Found a faded altar of an unknown god.
  4900 | D:4      | Slain by a gnoll

Levels and vault maps discovered:
D:1:      erik_arrival_gehennom, layout_basic, chequers_serial_rivers_micro_e
D:2:      layout_basic, overflow_temple_1_default,
          grunt_temple_overflow_holy_war, first_ration
D:3:      layout_rooms, overflow_temple_1_default, cheibriados_altar_1,
          chequers_ecumenical_altar_island, serial_forest,
          infiniplex_forest_split, infiniplex_forest_lined_4_way,
          infiniplex_forest_clump_long, infiniplex_forest_diagonal,
          infiniplex_forest_clump_small, infiniplex_forest_end_3,
          infiniplex_forest_lined_3, kennysheep_cross_bottleneck,
          minmay_crystal_room
D:4:      layout_basic, tgw_trog, hangedman_decor_points

Skill      XL: |  1  2  3  4  5 |
---------------+----------------+-----
Dodging        | 3 4 |  4.2
Conjurations   | 2 3 |  3.2
Fire Magic     | 4 |  4.6
Spellcasting   | 4 |  4.9
Stealth        | |  2.4

Action                   |  1- 3 |  4- 6 || total
-------------------------+-------+-------++-------
Melee: Unarmed           |     4 |       ||     4
       Whip              |       |    12 ||    12
 Cast: Flame Tongue      |    72 |    97 ||   169
  Use: Scroll            |       |     4 ||     4
  Eat: Chunk             |     3 |     9 ||    12
Armor: Robe              |    17 |     5 ||    22
Dodge: Dodged            |    48 |    46 ||    94

Table legend:
 A = Non-vault XP
 B = Vault XP
 C = Vault XP percentage of total XP
 D = Non-vault monster count
 E = Vault monster count
 F = Vault count percentage of total count
                 A         B        C        D         E       F
            +---------+---------+-------+---------+---------+-------
      Total |     335 |      19 |   5.4 |      73 |       5 |   6.4
            +---------+---------+-------+---------+---------+-------
        D:1 |      40 |      19 |  32.2 |      22 |       5 |  18.5
        D:2 |      90 |       0 |   0.0 |      24 |       0 |   0.0
        D:3 |     123 |       0 |   0.0 |      23 |       0 |   0.0
        D:4 |      82 |       0 |   0.0 |       4 |       0 |   0.0
            +---------+---------+-------+---------+---------+-------
